 Dungeon Crawl Stone Soup version 0.29.0-11-gd7f09526c8 (webtiles) character file.

Game seed: 11797108358974720412

1626 Sobieck the Covert (level 9, -1/56 HPs)
             Began as a Kobold Brigand on Sept 6, 2022.
             Killed from afar by a steam dragon (12 damage)
             ... with a ball of steam
             ... on level 6 of the Dungeon.
             The game lasted 00:10:50 (5707 turns).

Sobieck the Covert (Kobold Brigand)                 Turns: 5707, Time: 00:10:50

Health: -1/56      AC:  5    Str:  8    XL:     9   Next: 17%
Magic:  9/9        EV: 14    Int: 13    God:
Gold:   331        SH:  0    Dex: 26    Spells: 8/8 levels left

rFire   . . .      SeeInvis .   b - +1 dagger (venom) {short}
rCold   . . .      Faith    .   (no shield)
rNeg    . . .      Spirit   .   W - +0 robe {Will+}
rPois   .          Reflect  .   (no helmet)
rElec   .          Harm     .   c - +0 cloak
rCorr   .          Rampage  .   l - +1 pair of gloves
Will    ++...                   (no boots)
Stlth   ++++++....              A - amulet of regeneration {@e2}
HPRegen 0.98/turn               x - ring of willpower
MPRegen 0.11/turn               O - +6 ring of dexterity

@: no status effects
A: small, no large weapons, nightstalker 3
a: no special abilities


You were on level 6 of the Dungeon.
You visited 2 branches of the dungeon, and saw 7 of its levels.

You collected 331 gold pieces.


Innate Abilities, Weirdness & Mutations

You are small and have problems with some larger weapons.
You are completely attuned to the shadows.


   Skills:
 + Level 6.7 Fighting
 + Level 8.1 Short Blades
 - Level 2.1 Throwing
 - Level 1.2 Dodging
 + Level 10.0 Stealth
 + Level 4.7 Evocations


You had 8 spell levels left.
You didn't know any spells.
Your spell library contained the following spells:

 Spells                   Type           Power      Damage    Failure   Level
 Sandblast                Erth           0%         2d4       30%         1
 Passwall                 Tmut/Erth      0%         N/A       43%         2
 Stone Arrow              Conj/Erth      0%         3d7       67%         3

Inventory:

Hand Weapons
 a - a +2 dagger {short}
 b - a +1 dagger of venom (weapon) {short}
   (You took it off a goblin on level 4 of the Dungeon)
 o - a +1 short sword of flaming {short}
   (You took it off a kobold on level 2 of the Dungeon)
Missiles
 d - 9 poisoned darts (quivered) {throwing}
 e - 3 curare-tipped darts {=fthrowing}
 j - 54 stones {throwing}
 L - 2 boomerangs {throwing}
Armour
 c - a +0 cloak (worn)
 f - a +0 robe
 i - a +0 leather armour
   (You found it on level 1 of the Dungeon)
 k - a +0 robe
   (You found it on level 2 of the Dungeon)
 l - a +1 pair of gloves (worn)
   (You found it on level 2 of the Dungeon)
 p - a +0 robe
   (You took it off an orc wizard on level 6 of the Dungeon)
 q - a +0 chain mail
   (You took it off an orc on level 4 of the Dungeon)
 r - a +0 leather armour
   (You took it off an orc on level 4 of the Dungeon)
 s - a +0 robe
   (You took it off Jessica on level 2 of the Dungeon)
 u - a +0 leather armour
   (You found it on level 6 of the Dungeon)
 w - a +0 scale mail
   (You took it off Terence on level 2 of the Dungeon)
 y - a +0 robe
   (You found it on level 3 of the Dungeon)
 D - a +0 robe
   (You found it on level 3 of the Dungeon)
 H - a +0 chain mail
   (You took it off an orc on level 5 of the Dungeon)
 K - a +0 robe
   (You found it on level 4 of the Dungeon)
 M - a +0 leather armour
   (You took it off a gnoll bouda on level 5 of the Dungeon)
 Q - a +0 robe
   (You found it on level 5 of the Dungeon)
 S - a +0 chain mail
   (You took it off an orc warrior on level 6 of the Dungeon)
 T - a +0 leather armour
   (You took it off an orc on level 6 of the Dungeon)
 U - a +0 robe
   (You took it off an orc wizard on level 6 of the Dungeon)
 V - a +0 robe
   (You took it off an orc wizard on level 6 of the Dungeon)
 W - a +0 robe of willpower (worn)
   (You found it on level 6 of the Dungeon)
 X - a +0 robe
   (You took it off an orc wizard on level 6 of the Dungeon)
 Y - a +0 robe
   (You took it off an orc wizard on level 6 of the Dungeon)
 Z - a +0 chain mail
   (You found it on level 6 of the Dungeon)
Magical Staves
 E - a staff of air {!astaff}
   (You found it on level 3 of the Dungeon)
Jewellery
 h - a ring of poison resistance
   (You found it on level 4 of the Dungeon)
 x - a ring of willpower (left hand)
   (You found it on level 2 of the Dungeon)
 A - an amulet of regeneration (around neck) {@e2}
   (You found it on level 3 of the Dungeon)
 F - a +6 ring of strength
   (You found it on level 3 of the Dungeon)
 O - a +6 ring of dexterity (right hand)
   (You found it on level 5 of the Dungeon)
Wands
 C - a wand of digging (5)
   (You found it on level 3 of the Dungeon)
 R - a wand of paralysis (7)
   (You found it on level 6 of the Dungeon)
Scrolls
 g - 7 scrolls of teleportation {@r4}
 v - a scroll of enchant armour
 G - a scroll of butterflies
 J - a scroll of blinking {!r}
 N - a scroll of fear
Potions
 m - a potion of resistance {unknown}
 n - 4 potions of flight
 z - a potion of might {unknown}
 B - a potion of berserk rage {unknown}
 I - a potion of haste {unknown}
 P - 2 potions of brilliance {unknown}

Dungeon Overview and Level Annotations

Branches:
Dungeon (6/15) Zot: 26194  Temple (1/1) D:4 Zot: 5841

Altars:
Ashenzari
Cheibriados
Dithmenos
Elyvilon
Fedhas
Gozag
Hepliaklqana
Kikubaaqudgha
Makhleb
Nemelex Xobeh
Ru
Sif Muna
Trog
Uskayaw
Vehumet
The Shining One

Annotations:
D:4 Duvessa

.........#
#.........#.#........
.........#
#.........#.+........
.........#
#.........###........
##########
#.........'.'........
#######.........###........
#...............# ###......
#........§......# ###....
#.........####.## #....
#####...§§@§D..# #....
#..#######.# #.##'
#..#.#.#h#.### #.##.
#..#^^^^^#...# #.##.
#..#########.# #.###
##.'....^+?#.# #.# #
.....#########.######.###
.....#^^^^^#............#
.....#.#.#.#.#...)).....#


You could see a steam dragon (extremely poisoned, catching breath).


Message History

Unknown command.
You feel sick.
You start resting.
You feel sick. x6
You are no longer poisoned.
You start resting.
Unknown command.
There is an open door here.
d - 9 poisoned darts {throwing} (gained 1)
R - a wand of paralysis (7) Unknown command.
You open the door.
A steam dragon comes into view.
Danger!
A steam dragon is nearby!
Unknown command.
A steam dragon comes into view.
There is an open door here.
Unknown command.
The steam dragon hisses angrily.
The necrophage disappears!
The steam dragon disappears!
The phantom disappears!
The gnoll shouts!
The gnoll disappears!
The steam dragon disappears!
There is an open door here.
The hound barks!
The hound disappears!
Unknown command.
The necrophage barely misses you. The necrophage closely misses you.
The necrophage attacks as you move away!
The necrophage misses you.
You closely miss the necrophage. The necrophage misses you.
You barely miss the necrophage.
You hit the necrophage but do no damage.
The necrophage closely misses you.
Unknown command.
You closely miss the necrophage. The necrophage barely misses you.
You closely miss the necrophage. You hit the necrophage.
The necrophage misses you.
You hit the necrophage. You hit the necrophage. The necrophage hits you.
You hit the necrophage but do no damage.
The necrophage misses you.
Unknown command.
Your +1 dagger of venom {short} stops dripping with poison.
a - a +2 dagger (weapon)
{short} You hit the necrophage.
The necrophage hits you.
You completely miss the necrophage. You hit the necrophage.
The necrophage hits you.
You barely miss the necrophage. You puncture the necrophage!
You destroy the necrophage!
Your Stealth skill increases to level 10!
No target in view!
No target in view!
Unknown command.
Your +1 dagger of venom {short} begins to drip with poison!
b - a +1 dagger of venom (weapon)
{short} A steam dragon is nearby!
Danger!
The steam dragon breathes steam at you. The ball of steam hits you!
No target in view!
Unknown command.
Danger!
The steam dragon breathes steam at you. The ball of steam hits you!!
Unknown command.
You are engulfed in a cloud of scalding steam.
* * * LOW HITPOINT WARNING * * *
The steam dragon closely misses you.
The steam dragon claws you but does no damage.
Unknown command.
You hit the steam dragon.
The steam dragon is poisoned.
You are engulfed in a cloud of scalding steam.
* * * LOW HITPOINT WARNING * * *
You hit the steam dragon but do no damage.
The steam dragon looks as sick as possible!
You are engulfed in a cloud of scalding steam.
* * * LOW HITPOINT WARNING * * *
The steam dragon bites you!
* * * LOW HITPOINT WARNING * * *
The steam dragon claws you.
* * * LOW HITPOINT WARNING * * *
Unknown command.
You hit the steam dragon.
The steam dragon looks as sick as possible!
Unknown command.
You feel much better. The steam dragon breathes steam at you.
The ball of steam hits you!!
* * * LOW HITPOINT WARNING * * *
You feel much better.
You are engulfed in a cloud of scalding steam.
* * * LOW HITPOINT WARNING * * *
The steam dragon barely misses you. The steam dragon claws you.
* * * LOW HITPOINT WARNING * * *
Unknown command.
The steam dragon breathes steam at you. The ball of steam hits you!
You die...

Skill      XL: |  1  2  3  4  5  6  7  8  9 |
---------------+----------------------------+-----
Short Blades   | 3 4 5 6 7 8 |  8.1
Fighting       | 3 4 5 6 |  6.7
Stealth        | 6 7 8 9 10 | 10.0
Evocations     | 2 4 |  4.7
Throwing       | |  2.1
Dodging        | |  1.2

Action                   |  1- 3 |  4- 6 |  7- 9 || total
-------------------------+-------+-------+-------++-------
Melee: Dagger            |    64 |    84 |   260 ||   408
       Punch             |     2 |     1 |     4 ||     7
Throw: Dart              |     2 |       |     4 ||     6
  Use: Scroll            |       |     7 |     3 ||    10
       Potion            |       |     2 |     4 ||     6
 Stab: Sleeping          |    13 |    18 |     9 ||    40
       Invisible         |       |       |     3 ||     3
Armor: Robe              |    13 |    11 |    38 ||    62
Dodge: Dodged            |    35 |    42 |   131 ||   208

Levels and vault maps discovered:
D:1:      heliophobic_arrival_henge, layout_rooms,
          hellmonk_ecumenical_altar_defaced_shrine
D:2:      layout_basic, chequers_serial_rivers_micro_e, uniq_jessica,
          uniq_terence
D:3:      layout_loops_ring
D:4:      layout_basic, minitemple, makhleb_altar_promises_db,
          minmay_temple_entry_tees, uniq_duvessa
D:5:      layout_basic
D:6:      layout_basic, lemuel_doored_altar, grunt_tough_drop
Temple:   hellmonk_temple_flake

Notes
Turn   | Place    | Note
-------+----------+-------------------------------------------
     0 | D:1      | Sobieck the Kobold Brigand began the quest for the Orb.
     0 | D:1      | Reached XP level 1. HP: 12/12 MP: 1/1
   116 | D:1      | Reached skill level 3 in Short Blades
   319 | D:1      | Reached XP level 2. HP: 17/18 MP: 2/2
   710 | D:1      | Reached XP level 3. HP: 22/22 MP: 3/3
   716 | D:1      | Found a faded altar of an unknown god.
  1359 | D:2      | Reached skill level 4 in Short Blades
  1370 | D:2      | Noticed Jessica
  1375 | D:2      | Killed Jessica
  1376 | D:2      | Reached XP level 4. HP: 27/27 MP: 4/4
  1904 | D:2      | Noticed Terence
  1908 | D:2      | Killed Terence
  1909 | D:2      | Reached skill level 3 in Fighting
  1909 | D:2      | Reached skill level 6 in Stealth
  2142 | D:3      | Reached skill level 5 in Short Blades
  2142 | D:3      | Reached XP level 5. HP: 32/32 MP: 5/5
  2795 | D:4      | Found a staircase to the Ecumenical Temple.
  2817 | Temple   | Entered the Ecumenical Temple
  3007 | D:4      | You pick up a book of Geomancy and begin reading...
  3007 | D:4      | You add the spells Sandblast, Passwall and Stone Arrow to
                  | your library.
  3029 | D:4      | Found a shadowy altar of Dithmenos.
  3037 | D:4      | Found a bloodstained altar of Trog.
  3090 | D:4      | HP: 4/32 [gnoll/+0 spear[a gnoll bouda] (7)]
  3095 | D:4      | Reached skill level 6 in Short Blades
  3095 | D:4      | Reached XP level 6. HP: 20/38 MP: 6/6
  3107 | D:4      | Reached skill level 4 in Fighting
  3150 | D:4      | Reached skill level 7 in Stealth
  3228 | D:4      | Noticed Duvessa
  3267 | D:4      | Reached XP level 7. HP: 44/44 MP: 7/7
  3276 | D:4      | Found a burning altar of Makhleb.
  3278 | D:4      | Noticed a cacodemon
  3326 | D:4      | Reached skill level 5 in Fighting
  3341 | D:5      | Entered Level 5 of the Dungeon
  3368 | D:5      | Reached skill level 8 in Stealth
  3455 | D:5      | Reached skill level 1 in Evocations
  3786 | D:5      | Reached skill level 2 in Evocations
  3786 | D:5      | Reached XP level 8. HP: 29/50 MP: 8/8
  4218 | D:5      | Reached skill level 7 in Short Blades
  4424 | D:5      | Reached skill level 9 in Stealth
  4424 | D:5      | Reached skill level 3 in Evocations
  4968 | D:6      | Reached skill level 6 in Fighting
  5002 | D:6      | Reached skill level 4 in Evocations
  5136 | D:6      | Reached XP level 9. HP: 52/56 MP: 9/9
  5151 | D:6      | Found an ancient bone altar of Kikubaaqudgha.
  5573 | D:6      | Reached skill level 8 in Short Blades
  5690 | D:6      | Reached skill level 10 in Stealth
  5703 | D:6      | HP: 8/56 [steam dragon (7)]
  5705 | D:6      | HP: 1/56 [steam dragon/ball of steam (24)]
  5707 | D:6      | Killed from afar by a steam dragon

Vanquished Creatures
  2 water moccasins (D:6)
  An ice beast (D:6)
  An orc warrior (D:6)
  2 ogres (D:5)
  2 phantoms (D:5)
  2 necrophages
  4 scorpions (D:4)
  A jelly (D:6)
  A gnoll bouda (D:5)
  2 hounds (D:5)
  Jessica (D:2)
  Terence (D:2)
  3 iguanas (D:5)
  5 orc wizards (D:6)
  3 adders
  7 gnolls
  A white imp (D:5)
  A dart slug (D:1)
  12 orcs
  12 bats
  4 endoplasms
  4 giant cockroaches
  7 goblins
  5 hobgoblins
  5 quokkas
  6 ball pythons
  6 kobolds
  5 rats
106 creatures vanquished.

Table legend:
 A = Non-vault XP
 B = Vault XP
 C = Vault XP percentage of total XP
 D = Non-vault monster count
 E = Vault monster count
 F = Vault count percentage of total count
                 A         B        C        D         E       F
            +---------+---------+-------+---------+---------+-------
      Total |    2167 |     157 |   6.8 |     100 |       6 |   5.7
            +---------+---------+-------+---------+---------+-------
        D:1 |      30 |       7 |  18.9 |      19 |       3 |  13.6
        D:2 |      17 |      73 |  81.1 |      11 |       2 |  15.4
        D:3 |      40 |       0 |   0.0 |      16 |       0 |   0.0
        D:4 |     499 |       0 |   0.0 |      19 |       0 |   0.0
        D:5 |     782 |       0 |   0.0 |      19 |       0 |   0.0
        D:6 |     799 |      77 |   8.8 |      16 |       1 |   5.9
            +---------+---------+-------+---------+---------+-------

Illustrated notes

Table legend:
 A = Kills in this place as a percentage of kills in entire the game.
 B = Kills by you in this place as a percentage of kills by you in the entire game.
 C = Kills by friends in this place as a percentage of kills by friends in the entire game.
 D = Other kills in this place as a percentage of other kills in the entire game.
 E = Experience gained in this place as a percentage of experience gained in the entire game.
 F = Experience gained in this place divided by the number of levels of this place that you have seen.
                   A       B       C       D       E      F
               +-------+-------+-------+-------+-------+----------------------
         Total | 100.0 | 100.0 |   N/A |   N/A | 100.0 | 332.0
       Dungeon | 100.0 | 100.0 |   N/A |   N/A | 100.0 | 387.3
               +-------+-------+-------+-------+-------+----------------------

Table legend: (Time is in decaauts)
 A = Elapsed time spent in this place.
 B = Non-inter-level travel time spent in this place.
 C = Inter-level travel time spent in this place.
 D = Time resting spent in this place.
 E = Time spent auto-exploring this place.
 F = Levels seen in this place.
 G = Mean time per level.
                   A        B        C        D        E       F      G
               +--------+--------+--------+--------+--------+-----+--------+
         Total |   5579 |   5443 |    136 |    655 |   3835 |   7 |  797.0 |
       Dungeon |   5421 |   5295 |    126 |    655 |   3699 |   6 |  903.5 |
        Temple |    158 |    148 |     10 |      0 |    136 |   1 |  158.0 |
               +--------+--------+--------+--------+--------+-----+--------+

Top non-repeatable levels by time:
     D:5: 1408 daAuts
     D:2: 1146 daAuts
     D:3: 811 daAuts
     D:1: 804 daAuts
     D:6: 804 daAuts
     D:4: 446 daAuts
  Temple: 158 daAuts
